Map: Ice and Chrome LE

Players

A.I. 1 (Very Easy) - Winner!

  • Race: Terran Terran

Profesora

  • Race: Terran Terran

VOD

Have the link to the VOD?

Description

Time

  • Played on: May 29, 2021, 2:14 a.m.
  • Length: 9:53
Show
View Real Time Build Order
Export as new Build Order

A.I. 1 (Very Easy) Terran - Winner!

Build Orders:  

Get SALT Encoding   

  12  0:00  SCV  
  13  0:13  SCV  
  14  0:18  Supply Depot  
  14  0:37  Refinery  
  14  0:40  Barracks  
  14  1:04  Supply Depot  
  14  1:11  Refinery  
  14  1:29  Orbital Command, Marine  
  15  1:54  SCV  
  15  2:00  Marine  
  17  2:06  SCV  
  18  2:19  SCV  
  19  2:31  SCV, Marine  
  21  2:43  SCV  
  22  2:55  SCV  
  23  5:40  SCV  
  23  5:41  Marine  
  25  5:42  Supply Depot  
  25  5:45  Factory  
  25  6:04  SCV  
  25  6:08  Supply Depot  
  26  6:13  Barracks Tech Lab  
  26  6:16  SCV  
  27  6:28  SCV  
  27  6:31  Marine, Starport  
  26  6:37  Command Center  
  26  6:40  SCV  
  27  6:52  SCV  
  28  7:03  Marine  
  29  7:10  Starport Tech Lab  
  29  7:31  Raven  
  29  7:36  Marauder  
  33  7:50  SCV  
  34  7:58  SCV  
  35  8:01  Refinery  
  35  8:04  Refinery  
  35  8:05  SCV  
  36  8:07  Marine  
  36  8:12  SCV  
  38  8:14  Raven  
  38  8:19  SCV  
  41  8:26  SCV  
  42  8:34  SCV  
  44  8:41  SCV  
  44  8:48  SCV  
  45  8:55  SCV  
  46  9:03  SCV  
  47  9:10  SCV  
  48  9:18  SCV  
  49  9:25  SCV  
Show
View Real Time Build Order
Export as new Build Order

Profesora Terran 

Build Orders:  

Get SALT Encoding   

  12  0:00  SCV  
  13  0:12  SCV  
  14  0:17  Supply Depot  
  14  0:24  SCV  
  15  0:39  SCV  
  15  0:41  Barracks  
  16  0:45  Refinery  
  16  0:55  SCV  
  17  1:07  SCV  
  18  1:19  SCV  
  19  1:31  Orbital Command  
  19  1:33  Barracks Reactor  
  19  1:42  Command Center  
  19  1:55  Barracks  
  19  1:57  SCV  
  20  2:06  Supply Depot  
  20  2:10  Marine x2  
  20  2:14  SCV  
  23  2:27  SCV  
  23  2:28  Marine x2  
  26  2:35  Barracks  
  26  2:39  SCV  
  26  2:42  Barracks Tech Lab  
  27  2:50  Supply Depot  
  27  2:54  Orbital Command  
  27  2:56  SCV  
  27  2:57  Marine x2  
  30  3:03  Marine  
  30  3:04  Combat Shield  
  31  3:09  SCV  
  32  3:21  Supply Depot  
  32  3:22  SCV x2  
  32  3:26  Marine x2  
  36  3:28  Barracks Reactor  
  36  3:32  Marine  
  37  3:34  SCV  
  37  3:36  SCV  
  39  3:44  Marine  
  39  3:45  Marine  
  39  3:47  SCV  
  39  3:48  SCV  
  43  3:49  Supply Depot  
  43  3:51  Marine  
  44  3:59  SCV  
  44  4:00  SCV  
  46  4:04  Marine x2  
  46  4:05  Marine x2  
  46  4:09  Marine  
  51  4:11  SCV  
  51  4:12  SCV  
  51  4:16  Supply Depot  
  53  4:23  SCV  
  54  4:24  SCV  
  54  4:30  Command Center, Stimpack  
  55  4:32  Marine x4  
  55  4:33  Marine  
  55  4:35  SCV  
  55  4:36  SCV  
  62  4:39  Supply Depot  
  62  4:44  Supply Depot  
  62  4:47  SCV  
  62  4:48  SCV  
  64  4:54  Marine x5  
  64  4:59  SCV  
  70  5:01  SCV  
  71  5:11  SCV, Marine  
  71  5:12  Marine x4, Supply Depot  
  71  5:13  SCV  
  78  5:14  Supply Depot  
  78  5:23  SCV  
  78  5:25  SCV  
  80  5:29  Marine x3  
  80  5:30  Marine x2  
  85  5:35  SCV  
  85  5:37  SCV  
  87  5:43  Supply Depot  
  87  5:45  Supply Depot  
  87  5:47  Marine x4  
  87  5:48  SCV, Marine, Orbital Command  
  93  5:52  SCV  
  94  6:00  SCV  
  95  6:04  SCV  
  95  6:05  Marine x5  
  95  6:09  Supply Depot  
  95  6:10  Supply Depot  
  101  6:12  SCV  
  101  6:16  SCV  
  103  6:20  Engineering Bay  
  103  6:22  Engineering Bay  
  103  6:23  Marine x5  
  103  6:25  SCV x2  
  110  6:28  SCV  
  111  6:37  SCV x2  
  113  6:40  SCV, Marine, Supply Depot  
  113  6:41  Marine x2, Supply Depot  
  113  6:46  Marine  
  118  6:47  Marine  
  118  6:49  SCV x2  
  118  6:52  SCV, Terran Infantry Weapons Level 1  
  118  6:53  Terran Infantry Armor Level 1  
  122  6:58  Marine  
  122  6:59  Marine x2  
  125  7:04  Marine  
  125  7:05  Marine, Barracks  
  127  7:15  Barracks  
  127  7:16  Marine x2  
  127  7:17  Marine  
  127  7:22  Marine  
  131  7:23  Marine  
  132  7:32  Supply Depot  
  132  7:34  Marine x3  
  132  7:35  Supply Depot  
  135  7:40  Marine x2  
  137  7:52  Marine x3  
  137  7:54  Barracks  
  137  7:56  Barracks  
  137  7:57  Barracks, Barracks Reactor  
  137  7:58  Marine x2  
  141  8:00  Barracks  
  141  8:04  Supply Depot  
  141  8:05  Barracks  
  142  8:06  Supply Depot  
  142  8:09  Barracks Reactor  
  142  8:17  Marine x5  
  147  8:27  Supply Depot  
  147  8:29  Supply Depot  
  147  8:34  Marine x2  
  147  8:35  Marine x5  
  154  8:46  Barracks Reactor  
  154  8:48  Marine x3  
  157  8:50  Barracks Reactor  
  157  8:52  Marine x3  
  157  8:53  Marine x3  
  164  8:57  Marine  
  164  8:59  Barracks Reactor  
  164  9:05  Marine  
  164  9:06  Marine, Barracks Reactor  
  167  9:10  Marine x2  
  167  9:11  Barracks Reactor  
  167  9:14  Marine x4  
  167  9:15  Marine  
  173  9:23  Marine x2  
  175  9:24  Marine x2  
  175  9:28  Marine x4  
  181  9:31  Marine  
  181  9:32  Marine x3  
  181  9:33  Marine  
  181  9:35  Marine x2  
Tags
 
Add a new tag
Caveats
  • Supply blocks, unpowered buildings, or Contaminate may cause inaccurate times.
  • Supply counts are checked every 10 seconds.